 Dungeon Crawl Stone Soup version 0.27-a0-1196-g3e9cee4cb2 (webtiles) character file.

Game seed: 16249149532130928009

4570 hilljack the Transmogrifier (level 10, -2/83 HPs)
             Began as a Grey Draconian Transmuter on May 29, 2021.
             Was a Follower of Uskayaw.
             Slain by a two-headed ogre
             ... wielding a +0 giant club
              (30 damage)
             ... on level 8 of the Dungeon.
             The game lasted 00:25:51 (10422 turns).

hilljack the Transmogrifier (DrTm)                 Turns: 10422, Time: 00:25:52

Health: -2/83      AC:  2    Str: 13    XL:     10   Next: 18%
Magic:  20/20      EV: 22    Int: 15    God:    Uskayaw [*.....]
Gold:   120        SH:  0    Dex: 18    Spells: 2/23 levels left

rFire    . . .     SeeInvis .     - Unarmed
rCold    . . .     Faith    .   (shield currently unavailable)
rNeg     . . .     Spirit   .   (armour unavailable)
rPois    x         Reflect  .   (helmet currently unavailable)
rElec    .         Harm     .   (cloak currently unavailable)
rCorr    .         Rampage  .   (gloves currently unavailable)
Will     .....                  (boots currently unavailable)
Stlth    ++........             (no amulet)
HPRegen  0.23/turn              h - ring of wizardry
MPRegen  0.17/turn              x - ring of wizardry

@: spider-form, studying Throwing
A: venomous fangs, AC +12, (amphibious), tiny, unfitting armour, (cold-blooded)
a: End Transformation, Renounce Religion, Stomp


You were on level 8 of the Dungeon.
You worshipped Uskayaw.
Uskayaw was noncommittal.
You were a venomous arachnid creature.
You visited 2 branches of the dungeon, and saw 9 of its levels.

You collected 540 gold pieces.
You spent 420 gold pieces at shops.

Inventory:

Hand Weapons
 a - a +2 hunting sling
Missiles
 j - 125 stones
 m - a curare-tipped dart
 n - 32 poisoned darts
Armour
 g - a +1 pair of gloves (melded)
 q - a +0 cloak (melded)
Magical Staves
 b - a staff of poison (melded)
Jewellery
 h - a ring of wizardry (left front leg)
 x - a ring of wizardry (right front leg)
Wands
 c - a wand of flame (30)
 k - a wand of acid (9)
 l - a wand of paralysis (9)
 v - a wand of polymorph (10)
Scrolls
 r - a scroll of teleportation
 t - a scroll of torment {unknown}
 u - a scroll of amnesia {unknown}
 w - a scroll of identify
Potions
 d - a potion of attraction {unknown}
 e - 2 potions of mutation {unknown}
 f - 2 potions of curing
 i - a potion of invisibility
 o - a potion of cancellation {unknown}
 p - a potion of degeneration {unknown}


   Skills:
 + Level 6.0 Fighting
 + Level 5.2 Dodging
 + Level 6.3 Unarmed Combat
 * Level 7.3 Spellcasting
 * Level 2.2 Conjurations
 * Level 2.4 Translocations
 * Level 8.0 Transmutations
 * Level 7.2 Poison Magic


You had 2 spell levels left.
You knew the following spells:

 Your Spells              Type           Power      Damage    Failure   Level
a - Beastly Appendage     Tmut           58%        N/A       1%          1
b - Wereblood             Tmut           29%        N/A       1%          2
c - Spider Form           Tmut/Pois      14%        N/A       1%          3
d - Ice Form              Ice/Tmut       17%        N/A       13%         4
e - Magic Dart            Conj           48%        1d5       4%          1
f - Blink                 Tloc           N/A        N/A       5%          2
g - Hydra Form            Tmut           14%        N/A       9%          5
h - Mephitic Cloud        Conj/Pois/Air  15%        N/A       7%          3

Your spell library contained the following spells:

 Spells                   Type           Power      Damage    Failure   Level
 Call Imp                 Summ           5%         N/A       12%         2
 Slow                     Hex            5%         N/A       12%         2
 Conjure Flame            Conj/Fire      8%         6-21      13%         3


Dungeon Overview and Level Annotations

Branches:
Dungeon (8/15)             Temple (1/1) D:6
   Lair: D:8-11

Altars:
Ashenzari
Dithmenos
Fedhas
Gozag
Kikubaaqudgha
Okawaru
Qazlal
Ru
Sif Muna
Trog
Uskayaw
Vehumet
Wu Jian
Yredelemnul
The Shining One

Shops:
D:7 =


Innate Abilities, Weirdness & Mutations

You are a venomous arachnid creature.
You have poisonous fangs.
You are tiny and dextrous.
Your spellcasting is less reliable in this form.
Your armour is entirely melded.
You are incapable of wielding weapons or throwing items.
((Your dull iron-grey scales are very hard. (AC +12)))
((You are amphibious.))
You cannot fit into any form of body armour.
((You are cold-blooded and may be slowed by cold attacks.))


Message History

The centaur completely misses you. The centaur misses you.
The centaur barely misses you.
You bite the centaur!
The centaur is heavily wounded.
The centaur barely misses you. The centaur kicks you.
You hit the centaur.
The centaur is almost dead.
The centaur completely misses you. The centaur closely misses you.
A two-headed ogre comes into view. It is wielding two +0 giant clubs.
You can now pass through a line of other dancers.
The two-headed ogre shouts in stereo!
You hit the centaur but do no damage.
The centaur looks as sick as possible!
The centaur is almost dead.
The centaur barely misses you. The centaur kicks you. The centaur misses you.
The centaur closely misses you.
You hit the centaur.
You kill the centaur!
You bite the two-headed ogre!
The two-headed ogre is moderately wounded.
The two-headed ogre closely misses you.
The two-headed ogre hits you with a +0 giant club!
You are too injured to fight recklessly!
You are too injured to fight recklessly!
You are too injured to fight recklessly!
You are too injured to fight recklessly!
You are too injured to fight recklessly!
You are too injured to fight recklessly!
You hit the two-headed ogre but do no damage.
The two-headed ogre is poisoned.
The two-headed ogre is lightly wounded.
The two-headed ogre completely misses you.
The two-headed ogre hits you with a +0 giant club!
Things that are here:
a +0 shortbow; 27 arrows; 15 gold pieces You can no longer pass through a line of other dancers.
You hit the two-headed ogre but do no damage.
The two-headed ogre looks even sicker.
The two-headed ogre is moderately wounded.
The two-headed ogre hits you with a +0 giant club!!
You die...

#.#######.#.#
.....(...#.# ###.##
#..#.# #.....##....####
.......#.......##
.......#..###...##
..._......##.###.########
.......#.)...# #O........
.......#.###.###s########
#.....##.# ##...##
###.####.# ##.## ... ...#
#.# ### ..# #.#
##.#####.# #..#....#
##..#.####
##.###†#.#<###...


You could see a two-headed ogre (very poisoned).

Vanquished Creatures
  Pikel (D:7)
  Sigmund (D:4)
  Eustachio (D:6)
  A steam dragon (D:4)
  3 vampire mosquitoes
  Duvessa (D:6)
  2 water moccasins (D:6)
  An ice beast (D:2)
  3 sky beasts
  2 black bears
  2 ogres
  3 orc warriors
  2 centaurs
  A phantom (D:5)
  2 lemures (D:7)
  2 kobold brigands
  2 scorpions (D:5)
  Dowan (D:6)
  6 killer bees
  7 wights
  2 howler monkeys (D:8)
  A hound (D:6)
  2 jellies
  6 orc priests
  2 bullfrog skeletons
  Crazy Yiuf (D:7)
  A centaur skeleton (D:5)
  Terence (D:3)
  A scorpion zombie (D:5)
  3 orc wizards
  3 adders
  A white imp (D:6)
  4 worms
  A dart slug (D:1)
  26 orcs
  10 ball pythons
  5 endoplasms
  5 giant cockroaches
  7 goblins
  5 hobgoblins
  9 jackals
  19 kobolds
  7 quokkas
  4 bats
  A frilled lizard (D:2)
  5 rats
  A spectral orc (D:6)
177 creatures vanquished.

Vanquished Creatures (others)
  22 plants (D:2)
22 creatures vanquished.

Grand Total: 199 creatures vanquished

Notes
Turn   | Place    | Note
-------+----------+-------------------------------------------
     0 | D:1      | hilljack the Draconian Transmuter began the quest for the
                  | Orb.
     0 | D:1      | Reached XP level 1. HP: 16/16 MP: 3/3
    48 | D:1      | You fall into a shaft and drop 1 floor!
    80 | D:2      | Reached XP level 2. HP: 4/23 MP: 5/5
   857 | D:1      | Learned a level 2 spell: Wereblood
  1050 | D:1      | Reached XP level 3. HP: 29/29 MP: 6/6
  1866 | D:2      | Found a hide-covered altar of Uskayaw.
  1875 | D:2      | Became a worshipper of Uskayaw the Reveller
  1893 | D:2      | Reached * piety under Uskayaw
  1901 | D:2      | Reached XP level 4. HP: 35/36 MP: 7/7
  1911 | D:2      | Learned a level 3 spell: Spider Form
  2094 | D:2      | Reached ** piety under Uskayaw
  2547 | D:3      | Noticed an ice beast
  2565 | D:2      | Killed an ice beast
  2566 | D:2      | Reached skill level 3 in Transmutations
  2566 | D:2      | Reached skill level 1 in Poison Magic
  2566 | D:2      | Reached XP level 5. HP: 23/41 MP: 7/9
  2827 | D:3      | Found a broken altar of Ashenzari.
  2903 | D:3      | Noticed Terence
  2913 | D:3      | Killed Terence
  3243 | D:3      | Learned a level 4 spell: Ice Form
  3569 | D:4      | Noticed a steam dragon
  3589 | D:4      | Reached skill level 5 in Unarmed Combat
  3589 | D:4      | Reached skill level 5 in Spellcasting
  3589 | D:4      | Reached skill level 6 in Transmutations
  3589 | D:4      | Reached skill level 5 in Poison Magic
  3589 | D:4      | Reached XP level 6. HP: 36/55 MP: 7/14
  3593 | D:4      | Reached *** piety under Uskayaw
  3595 | D:4      | Killed a steam dragon
  3596 | D:4      | Reached skill level 5 in Fighting
  3596 | D:4      | Your scales start taking on a dull iron-grey colour.
  3596 | D:4      | Reached XP level 7. HP: 36/61 MP: 8/16
  3605 | D:4      | Reached **** piety under Uskayaw
  3771 | D:4      | Learned a level 1 spell: Magic Dart
  3774 | D:4      | Learned a level 2 spell: Blink
  3780 | D:4      | Learned a level 5 spell: Hydra Form
  4241 | D:4      | Noticed Sigmund
  4255 | D:4      | Killed Sigmund
  5125 | D:5      | Entered Level 5 of the Dungeon
  5386 | D:5      | Reached XP level 8. HP: 68/68 MP: 17/17
  5456 | D:5      | Reached skill level 7 in Transmutations
  6653 | D:6      | Found a stormy altar of Qazlal.
  6744 | D:6      | Noticed Eustachio
  6760 | D:6      | Killed Eustachio
  6761 | D:6      | Reached XP level 9. HP: 62/74 MP: 16/19
  6833 | D:6      | Noticed Duvessa
  6834 | D:6      | Noticed Dowan
  6844 | D:6      | Killed Duvessa
  6850 | D:6      | Killed Dowan
  7060 | D:6      | Reached skill level 5 in Dodging
  7066 | D:6      | Reached ***** piety under Uskayaw
  7238 | D:6      | Learned a level 3 spell: Mephitic Cloud
  7255 | D:6      | Found a staircase to the Ecumenical Temple.
  7259 | Temple   | Entered the Ecumenical Temple
  8160 | D:6      | Found a basalt altar of Yredelemnul.
  8389 | D:6      | Reached skill level 1 in Translocations
  8614 | D:7      | Found a runed translucent door.
  8615 | D:7      | Noticed Crazy Yiuf
  9023 | D:7      | Reached skill level 1 in Conjurations
  9550 | D:7      | Noticed Pikel
  9564 | D:7      | Killed Pikel
  9655 | D:7      | Found Joom's Jewellery Shop.
  9660 | D:7      | Bought a ring of wizardry for 420 gold pieces
  9785 | D:7      | Killed Crazy Yiuf
  9835 | D:8      | Reached XP level 10. HP: 81/83 MP: 14/20
 10096 | D:8      | Reached skill level 8 in Transmutations
 10400 | D:8      | Found an ornate altar of the Wu Jian Council.
 10404 | D:8      | Noticed a two-headed ogre
 10422 | D:8      | Slain by a two-headed ogre

Illustrated notes

Levels and vault maps discovered:
D:1:      mrwooster_arrival_statue_2, layout_loops_ring, minmay_pentomino_q2
D:2:      layout_rooms, serial_bayou, serial_bayou_pond_b, serial_bayou_ford_a,
          serial_bayou_pond_d, serial_bayou_pond_c, serial_bayou_pond_c,
          serial_bayou_pond_c, basic_altar
D:3:      layout_rooms, amcnicky_altar_gilded, uniq_terence
D:4:      layout_basic, minmay_manual_mess, uniq_sigmund
D:5:      layout_rooms
D:6:      layout_basic, yredelemnul_forgotten_temple_becter,
          lemuel_doored_altar, minmay_temple_entry_glassed_door,
          hangedman_glass_teeth, uniq_eustachio, uniq_duvessa
D:7:      layout_cave_pools, serial_shops, shop, uniq_pikel,
          uniq_crazy_yiuf_cottage
D:8:      layout_loops_ring, old_standard_altar, general_overflow_altar,
          feat_on_display
Temple:   eino_wide_crystal_templ

Skill      XL: |  1  2  3  4  5  6  7  8  9 10 |
---------------+-------------------------------+-----
Dodging        | 2 4 5 |  5.2
Fighting       | 2 4 5 6 |  6.0
Transmutations | 3 6 7 8 |  8.0
Poison Magic   | 1 5 6 7 |  7.2
Spellcasting   | 5 6 7 |  7.3
Unarmed Combat | 5 6 |  6.3
Translocations | 2 |  2.4
Conjurations   | 1 2 |  2.2

Action                   |  1- 3 |  4- 6 |  7- 9 | 10-12 || total
-------------------------+-------+-------+-------+-------++-------
Melee: Unarmed           |   173 |   120 |   246 |    50 ||   589
       Tailslap          |     9 |    11 |    27 |       ||    47
       Punch             |     4 |     2 |     5 |       ||    11
       Headbutt          |     4 |    10 |     7 |       ||    21
       Kick              |     3 |    13 |    12 |       ||    28
       Staff             |       |       |   144 |       ||   144
 Fire: Hunting sling     |       |       |    61 |       ||    61
 Cast: Beastly Appendage |     3 |     7 |     7 |       ||    17
       Wereblood         |     1 |     2 |     7 |     1 ||    11
       Spider Form       |       |       |    18 |     2 ||    20
       Hydra Form        |       |       |     4 |       ||     4
       Ice Form          |       |       |     5 |       ||     5
Invok: Stomp             |       |       |     1 |       ||     1
  Use: Scroll            |     3 |     3 |     6 |       ||    12
       Potion            |       |     5 |     1 |     4 ||    10
 Stab: Sleeping          |     1 |       |       |       ||     1
       Paralysed         |       |     1 |    10 |     2 ||    13
       Distracted        |       |       |     1 |       ||     1
       Invisible         |       |       |       |     4 ||     4
Armor: Skin              |   100 |    64 |   127 |     8 ||   299
Dodge: Dodged            |   178 |    96 |   302 |    80 ||   656

Table legend: (Time is in decaauts)
 A = Elapsed time spent in this place.
 B = Non-inter-level travel time spent in this place.
 C = Inter-level travel time spent in this place.
 D = Time resting spent in this place.
 E = Time spent auto-exploring this place.
 F = Levels seen in this place.
 G = Mean time per level.
                   A        B        C        D        E       F      G
               +--------+--------+--------+--------+--------+-----+--------+
         Total |  10453 |  10177 |    276 |   3673 |   4798 |   9 | 1161.4 |
       Dungeon |  10380 |  10127 |    253 |   3673 |   4748 |   8 | 1297.5 |
        Temple |     73 |     50 |     23 |      0 |     50 |   1 |   73.0 |
               +--------+--------+--------+--------+--------+-----+--------+

Top non-repeatable levels by time:
     D:6: 2423 daAuts
     D:4: 1782 daAuts
     D:2: 1572 daAuts
     D:7: 1489 daAuts
     D:1: 1206 daAuts
     D:5: 1106 daAuts
     D:3: 623 daAuts
     D:8: 177 daAuts
  Temple: 73 daAuts
